 Dungeon Crawl Stone Soup version 0.21-a0-591-g2314aa1 (webtiles) character file.

93 Amnesiac the Digger (level 4, 0/24 HPs)
             Began as a Deep Elf Earth Elementalist on Dec 22, 2017.
             Slain by Natasha (9 damage)
             ... on level 3 of the Dungeon.
             The game lasted 00:01:01 (1562 turns).

Amnesiac the Digger (Deep Elf Earth Elementalist)   Turns: 1562, Time: 00:01:02

Health: 0/24       AC:  2    Str:  5    XL:     4   Next: 36%
Magic:  10/12      EV: 13    Int: 21    God:
Gold:   83         SH:  0    Dex: 20    Spells: 8/11 levels left

rFire    . . .     SeeInvis +   r - -2 dagger (curse)
rCold    . . .     Gourm    .   (no shield)
rNeg     . . .     Faith    .   c - +0 robe
rPois    .         Spirit   .   (no helmet)
rElec    .         Reflect  .   (no cloak)
rCorr    .         Harm     .   (no gloves)
MR       .....                  (no boots)
Stlth    ++........             (no amulet)
HPRegen  0.08/turn              f - +5 ring of dexterity
MPRegen  0.13/turn              i - ring of see invisible

@: very slightly contaminated
A: no striking features
a: no special abilities


You were on level 3 of the Dungeon.
You were not hungry.

You visited 1 branch of the dungeon, and saw 3 of its levels.

You collected 83 gold pieces.

Inventory:

Hand Weapons
 r - a cursed -2 dagger (weapon)
Missiles
 b - 48 stones (quivered)
Armour
 c - a +0 robe (worn)
Jewellery
 f - a +5 ring of dexterity (left hand)
 i - a ring of see invisible (right hand)
Scrolls
 g - 2 scrolls of amnesia {!r, unknown}
 j - 2 scrolls of identify {!r, unknown}
 k - a scroll of fog {!r, unknown}
 m - a scroll of enchant armour {!r, unknown}
Potions
 a - 2 potions of lignification {!q, unknown}
 l - a potion of degeneration {!q, unknown}
 n - a potion of curing {!q, unknown}
 o - a potion of flight {!q, unknown}
 p - a potion of cancellation {!q, unknown}
 q - a potion of magic {!q, unknown}
Books
 e - a book of Geomancy

   Spells                             Type                      Level
   a - Sandblast                      Earth                        1
   b - Passwall                       Transmutation/Earth          2
   c - Stone Arrow                    Conjuration/Earth            3
   d - Petrify                        Transmutation/Earth          4
   e - Lee's Rapid Deconstruction     Earth                        5
Comestibles
 d - 4 rations
 h - 4 chunks of flesh


   Skills:
 - Level 2.4 Dodging
 - Level 2.4 Stealth
 + Level 4.3 Spellcasting
 - Level 1.1 Transmutations
 * Level 5.1 Earth Magic


You had 8 spell levels left.
You knew the following spells:

 Your Spells              Type           Power        Failure   Level  Hunger
a - Sandblast             Erth           ####..       1%          1    None
b - Passwall              Tmut/Erth      ###.......   4%          2    #......


Dungeon Overview and Level Annotations

Branches:
Dungeon (3/15)

Altars:
Xom

Annotations:
D:3 Natasha


Message History

You can't see any susceptible monsters within range! (Use Z to cast anyway.) Search for what [? for help]? dag Some of the chunks of flesh in your inventory have rotted away.
Some of the chunks of flesh in your inventory have rotted away.
You see here a glowing dagger.
r - a glowing dagger Wield which item (- for none, * to show all)? (? for menu, Esc to quit)
It sticks to your hand!
r - a cursed -2 dagger (weapon)
Okay, then.
Done exploring.
Done exploring.
There is a stone staircase leading down here.
You climb downwards.
There is a stone staircase leading up here.
A quokka comes into view.
Casting: Sandblast
Confirm with . or Enter, or press ? or * to list all spells.
Aiming: Sandblast
Press: ? - help, Shift-Dir - straight line, f - quokka
Aim: a quokka (resting)
The blast of sand hits the quokka.
The quokka is severely wounded.
b - 50 stones A quokka is nearby!
You hit the quokka.
The quokka is almost dead.
The quokka bites you but does no damage.
Casting: Sandblast
Confirm with . or Enter, or press ? or * to list all spells.
Aiming: Sandblast
Press: ? - help, Shift-Dir - straight line, f/p - quokka
Aim: a quokka (almost dead)
You miscast Sandblast.
You are very lightly contaminated with residual magic.
Nothing appears to happen.
The quokka bites you.
A quokka is nearby!
You closely miss the quokka.
The quokka is almost dead.
The quokka barely misses you. The quokka bites you.
Casting: Sandblast
Confirm with . or Enter, or press ? or * to list all spells.
Aiming: Sandblast
Press: ? - help, Shift-Dir - straight line, f/p - quokka
Aim: a quokka (severely wounded)
The blast of sand hits the quokka.
You kill the quokka!
b - 49 stones Magic restored.
An adder, a worm and Natasha come into view.
Natasha closely misses you.
Casting: Sandblast
Confirm with . or Enter, or press ? or * to list all spells.
Aiming: Sandblast
Press: ? - help, Shift-Dir - straight line, f - Natasha
Aim: Natasha The blast of sand misses Natasha.
b - 48 stones Natasha stares at you and mumbles some strange words.
The magic dart hits you!
* * * LOW HITPOINT WARNING * * *
There are monsters nearby!
You hit Natasha but do no damage. Natasha claws you!
You die...

............#
##.##.....#.#
#.###.#.# #.
#.#.# # .. #.#.#
.# ## #.#.# #?#
#.#.####.# ###
#.#.....###....#
#.######@..# #.#
#h..# #...#
...... .......
......w...
#.S..###..
.....# #.


You could see a worm (sleeping), Natasha and an adder (sleeping).

Vanquished Creatures
  3 adders (D:2)
  An ooze (D:1)
  4 worms (D:2)
  2 dart slugs
  A leopard gecko (D:2)
  4 bats
  3 giant cockroaches
  3 goblins
  8 hobgoblins
  3 jackals (D:2)
  A quokka (D:3)
  A ball python (D:2)
  A frilled lizard (D:2)
  2 kobolds (D:1)
  8 rats
45 creatures vanquished.

Notes
Turn   | Place    | Note
-------+----------+-------------------------------------------
     0 | D:1      | Amnesiac the Deep Elf Earth Elementalist began the quest for the Orb.
     0 | D:1      | Reached XP level 1. HP: 10/10 MP: 6/6
   210 | D:1      | Reached XP level 2. HP: 13/15 MP: 1/8
   486 | D:1      | Reached skill level 4 in Earth Magic
   866 | D:2      | Learned a level 2 spell: Passwall
   873 | D:2      | Reached XP level 3. HP: 17/19 MP: 7/10
  1265 | D:2      | Reached XP level 4. HP: 19/24 MP: 8/12
  1289 | D:2      | Reached skill level 5 in Earth Magic
  1290 | D:2      | Found a shimmering altar of Xom.
  1559 | D:3      | Noticed Natasha
  1562 | D:3      | Slain by Natasha

Vault maps used:
D:1:      lightli_arrival_statuegarden
D:2:      marbit_many_paths, serial_bayou_pond_b
D:3:      tgw_kikubaaqudgha, uniq_natasha

Skill      XL: |  1  2  3  4 |
---------------+-------------+-----
Earth Magic    | 4 5 |  5.1
Spellcasting   | 4 |  4.3
Dodging        | |  2.4
Stealth        | |  2.4
Transmutations | |  1.1

Action                   |  1- 3 |  4- 6 || total
-------------------------+-------+-------++-------
Melee: Unarmed           |    18 |     3 ||    21
       Dagger            |       |     3 ||     3
 Cast: Sandblast         |    58 |    12 ||    70
  Eat: Chunk             |     1 |     1 ||     2
Armor: Robe              |     8 |     1 ||     9
Dodge: Dodged            |    28 |     9 ||    37

Table legend:
 A = Spawn XP
 B = Non-spawn XP
 C = Spawn XP percentage of total XP
 D = Spawn monster count
 E = Non-spawn monster count
 F = Spawn count percentage of total count
 G = Total turns spent on level
                    A         B        C        D         E        F      G
               +---------+---------+-------+---------+---------+-------+---------
         Total |       0 |     133 |   0.0 |       0 |      45 |   0.0 |  1562
               +---------+---------+-------+---------+---------+-------+---------
           D:1 |       0 |      36 |   0.0 |       0 |      17 |   0.0 |   860
           D:2 |       0 |      95 |   0.0 |       0 |      27 |   0.0 |   679
           D:3 |       0 |       2 |   0.0 |       0 |       1 |   0.0 |    23
               +---------+---------+-------+---------+---------+-------+---------
